 BcadrenCrawl: Boulder Brew version 0.03.2.1-27-g9e5655dcad (webtiles) character file.

Game seed: 9909575610490091116, levelgen mode: deterministic

154 polelong the Ducker (level 5, 0/33 HPs) Lignifite Demonspawn. Began on Jan 17, 2021. Slain by a crocodile (16 damage) ... on level 2 of the Dungeon. The game lasted 00:10:19 (938 turns).

polelong the Ducker (Lignifite Demonspawn)           Turns: 938, Time: 00:10:19

Health: 0/33       AC:  1    Str: 21    XL:     5 ^: 160
Magic:  7/9        EV: 13    Int: 13    God:
Gold:   75         SH:  4    Dex:  7    Spells: 7/8 levels left

rFire    x . .     Vision   .   a - +0 flail
rCold    . . .     Gourm    .   h - +2 buckler {rPois}
rNeg     . . .     Faith    .   b - +0 robe
rPois    +         Spirit   .   (helmet restricted)
rElec    .         Reflect  .   (no cloak)
rCorr    .         Harm     .   (gloves unavailable)
MR       .....                  (boots unavailable)
Stlth    ++........             (no amulet)
HPRegen  0.21/turn              g - ring of evasion
MPRegen  0.19/turn              (no ring)

@: very slightly contaminated, quick
A: very small, rF-, horns 1, repulsion field 2, deformed body, speed 1, poison
resistance, slow metabolism 1, torment resistance, plant, rot immunity
a: no special abilities


You were on level 2 of the Dungeon.
You were hungry.

You visited 1 branch of the dungeon, and saw 2 of its levels.

You collected 75 gold pieces.

Inventory:

Weapons
 a - a +0 flail (weapon) Shields
 h - a +2 buckler of poison resistance (shield)
Armour
 b - a +0 robe (worn)
Jewellery
 f - a cursed ring of wizardry {(Curse: MR-)}
 g - a ring of evasion (left hand)
 m - an uncursed amulet of faith
Scrolls
 c - 2 scrolls of teleportation
 k - a scroll of magic mapping
Potions
 e - a potion of resistance
 i - a potion of berserk rage
 j - a potion of agility
 l - a potion of cancellation
Comestibles
 d - 4 rations


   Skills:
 + Level 1.0 Fighting
 + Level 2.6 Whips & Flails
 + Level 3.4 Dodging
 + Level 2.4 Stealth
 + Level 2.3 Spellcasting
 + Level 2.4 Fire Magic
   Level 3.0 Invocations


You had 7 spell levels left.
You knew the following spells:

 Your Spells              Type           Power        Failure   Level  Hunger
a - Flame Tongue          Fire           7 (30)       16%         1    #......

Your spell library contained the following spells:

 Spells                   Type           Power        Failure   Level  Hunger
 Conjure Flame            Fire           7 (100)      41%         3    ###....
 Blink                    Tloc           N/A          52%         2    ###....
 Call Imp                 Summ           1 (100)      52%         2    ###....
 Slow                     Hex            1 (100)      52%         2    ###....
 Mephitic Cloud           Pois/Air       1 (100)      77%         3    ###....


Dungeon Overview and Level Annotations

Branches:
Dungeon (2/8)

Altars:


Innate Abilities, Weirdness & Mutations

Your woody flesh burns easily. (rF-)
A tangle of shorter branches protects your body from attack. (+2 SH)
You are very small and have problems with some larger weapons.
You are too small for most types of armour.
You have a pair of small horns on your head.
You are surrounded by a moderate repulsion field. (EV +3)
Armour fits poorly on your strangely shaped body.
You cover ground quickly.
Your system is resistant to poisons. (rPois)
You have a slow metabolism.
You are immune to unholy pain and torment.
You require very little carbon dioxide to survive.
You are immune to rotting.


Message History

Casting: Flame Tongue (safe; 16% risk of failure)
Confirm with . or Enter, or press ? or * to list all spells.
Aiming: Flame Tongue (safe; 16% risk of failure)
Press: ? - help, Shift-Dir - straight line, f/p - crocodile
Aim: a crocodile (lightly wounded (21/26))
The flame tongue misses the crocodile.
The crocodile misses you (0). The adder closely misses you (0).
Casting: Flame Tongue (safe; 16% risk of failure)
Confirm with . or Enter, or press ? or * to list all spells.
Aiming: Flame Tongue (safe; 16% risk of failure)
Press: ? - help, Shift-Dir - straight line, f/p - crocodile
Aim: a crocodile (lightly wounded (21/26))
The flame tongue hits the crocodile (6).
The crocodile is heavily wounded. (15/26) HP You are feeling hungry.
The adder closely misses you (0).
The crocodile is engulfed in a cloud of scalding steam (5).
The adder closely misses you (0). The crocodile bites you (16)!
You die...

##..††.≈.≈≈≈≈≈≈P.#
#.≈##≈.##≈≈≈≈≈≈≈.#
#.
##≈≈#####.P≈b≈≈≈.#≈.
##..## #≈.PPPP.≈#≈
#≈.## #.P≈≈PPPP.
#...### #≈≈≈≈≈≈PP#
##≈.≈≈# #P≈≈≈≈≈P≈#
###≈≈# #.≈≈≈≈...#
#PP.## ##P≈PP.@PP#
≈##..##


#.P≈PSt≈PP# ....## ##≈§.Z≈≈P≈# #...≈## #≈§.§≈≈P≈# #.##..# #§§§§≈PPP... #≈
#..#####≈§§≈≈P..#.. . ##.≈.≈##.≈..P.P≈.≈## ≈ ##≈<###.≈≈..P≈P### #..≈##>≈≈≈≈≈≈.#
You could see a crocodile, an adder and an adder skeleton.

Vanquished Creatures
  A jelly (D:2)
  4 giant cockroaches (D:1)
  4 cinder newts
  An ooze (D:2)
  A dart slug (D:1)
  2 leopard geckos
  7 goblins (D:1)
  2 hobgoblins (D:1)
  3 bats (D:1)
  9 kobolds (D:1)
  5 rats (D:1)
  6 withered plants (D:2)
45 creatures vanquished.

Vanquished Creatures (others)
  28 withered plants (D:2)
28 creatures vanquished.

Grand Total: 73 creatures vanquished

Notes
Turn   | Place    | Note
-------+----------+-------------------------------------------
     0 | D:1      | polelong the Lignifite Demonspawn began the quest for the
                  | Orb.
     0 | D:1      | Reached XP level 1. HP: 12/12 MP: 4/4
    13 | D:1      | Gained mutation: You are surrounded by a mild repulsion
                  | field. (EV +2) [demonic ancestry]
    13 | D:1      | Reached XP level 2. HP: 18/18 MP: 3/5
   132 | D:1      | Gained mutation: You are surrounded by a moderate repulsion
                  | field. (EV +3) [demonic ancestry]
   132 | D:1      | Reached XP level 3. HP: 19/23 MP: 0/6
   346 | D:1      | Reached XP level 4. HP: 28/28 MP: 3/7
   917 | D:2      | Gained mutation: You have a pair of small horns on your
                  | head. [demonic ancestry]
   917 | D:2      | Reached XP level 5. HP: 33/33 MP: 7/9
   938 | D:2      | Slain by a crocodile

Levels and vault maps discovered:
D:1:      giann_bridges, layout_loops_ring, portal_sewer_entry_e
D:2:      layout_sewer, lemuel_round_altar, disused_pipe, uniq_purgy,
          uniq_duvessa

Skill      XL: |  1  2  3  4 |
---------------+-------------+-----
Dodging        | 3 |  3.4
Stealth        | 2 |  2.4
Fire Magic     | 2 |  2.4
Spellcasting   | 2 |  2.3
Fighting       | |  1.0
Whips & Flails | |  2.6
Invocations    | |  3.0

Action                   |  1- 3 |  4- 6 || total
-------------------------+-------+-------++-------
Melee: Flail             |    19 |    40 ||    59
       Unarmed           |     5 |       ||     5
 Cast: Flame Tongue      |    18 |    27 ||    45
Armor: Robe              |     4 |       ||     4
Dodge: Dodged            |    18 |    25 ||    43
Block: Buckler           |     2 |     6 ||     8
